TOP OF THE 1ST |
Rappahannock Partisans batting - Pitching for Balboa Buccaneers : RHP Jim Unknown
|
Pitching: RHP Jim Unknown
|
|
Batting: RHB Bill Taylor
|
0-0: Ball 1-0: Ball 2-0: Called Strike 2-1: Called Strike 2-2: Fly out, F8 (Flyball, 89M)
|
Batting: LHB Alfonso López
|
0-0: Ball 1-0: Foul Ball, location: 2F 1-1: Ball 2-1: DOUBLE (Line Drive, 7LM)
|
Batting: RHB Tom Baker
|
0-0: SINGLE (Groundball, 56D) Alfonso López to third Runner from 3rd tries for Home, SAFE, no throw or cutoff
|
Batting: SHB Omar Gutiérrez
|
0-0: Ball 1-0: Ball 2-0: Fly out, F4 (Popup, 3D)
|
Batting: RHB Mark Dayment
|
0-0: Ball 1-0: Called Strike 1-1: Ball 2-1: 2-RUN HOME RUN (Flyball, 78XD), Distance : 423 ft
|
Batting: LHB Marvin von Seydlitz
|
0-0: Ball 1-0: Foul Ball, location: 2F 1-1: Swinging Strike 1-2: Ball 2-2: Strikes out swinging
|
Top of the 1st over - 3 run(s), 3 hit(s), 0 error(s), 0 left on base; Rappahannock 3 - Balboa 0 |
BOTTOM OF THE 1ST |
Balboa Buccaneers batting - Pitching for Rappahannock Partisans : RHP Aubrey Ferguson
|
Pitching: RHP Aubrey Ferguson
|
|
Batting: RHB Jim Unknown
|
0-0: Ball 1-0: Ball 2-0: Called Strike 2-1: Foul Ball, location: 2F 2-2: Fly out, F9 (Flyball, 9M)
|
Batting: RHB Jim Unknown
|
0-0: Foul Ball, location: 2F 0-1: Ball 1-1: Ball 2-1: Swinging Strike 2-2: Strikes out swinging
|
Batting: RHB César Garza
|
0-0: Ball 1-0: Called Strike 1-1: Foul Ball, location: 2F 1-2: Ground out 4-3 (Groundball, 4)
|
Bottom of the 1st over - 0 run(s), 0 hit(s), 0 error(s), 0 left on base; Rappahannock 3 - Balboa 0 |
TOP OF THE 2ND |
Rappahannock Partisans batting - Pitching for Balboa Buccaneers : RHP Jim Unknown
|
Batting: RHB Cipriano Oliveira
|
0-0: Ball 1-0: Foul Ball, location: 2F 1-1: Swinging Strike 1-2: Ball 2-2: Strikes out swinging
|
Batting: LHB Miguel Mendoza
|
0-0: Swinging Strike 0-1: Foul Ball, location: 2F 0-2: Ball 1-2: Strikes out swinging
|
Batting: RHB Ángel Ruezga
|
0-0: Foul Ball, location: 2F 0-1: Swinging Strike 0-2: Ball 1-2: Strikes out swinging
|
Top of the 2nd over - 0 run(s), 0 hit(s), 0 error(s), 0 left on base; Rappahannock 3 - Balboa 0 |
BOTTOM OF THE 2ND |
Balboa Buccaneers batting - Pitching for Rappahannock Partisans : RHP Aubrey Ferguson
|
Batting: LHB Bellchyor Lebrim
|
0-0: Ball 1-0: Foul Ball, location: 2F 1-1: Foul Ball, location: 2F 1-2: SINGLE (Groundball, 25) (infield hit)
|
Batting: RHB Jim Unknown
|
0-0: Foul Ball, location: 2F 0-1: Ball 1-1: Called Strike 1-2: Fly out, F4 (Popup, 6MS)
|
Batting: RHB Jim Unknown
|
0-0: Fly out, F8 (Flyball, 8RS)
|
Batting: LHB Jim Unknown
|
0-0: Called Strike 0-1: Fielders Choice at 2nd, U6 (Groundball, 6M)
|
Bottom of the 2nd over - 0 run(s), 1 hit(s), 0 error(s), 1 left on base; Rappahannock 3 - Balboa 0 |
TOP OF THE 3RD |
Rappahannock Partisans batting - Pitching for Balboa Buccaneers : RHP Jim Unknown
|
Batting: RHB Bill Taylor
|
0-0: Foul Ball, location: 2F 0-1: Called Strike 0-2: Ball 1-2: Strikes out swinging
|
Batting: LHB Alfonso López
|
0-0: Ball 1-0: SINGLE (Line Drive, 4D)
|
Batting: RHB Tom Baker
|
0-0: Ball 1-0: Called Strike 1-1: Called Strike 1-2: Ball 2-2: Ball 3-2: Strikes out looking
|
Batting: SHB Omar Gutiérrez
|
0-0: Swinging Strike 0-1: Ball 1-1: Ball 2-1: Called Strike 2-2: Strikes out swinging
|
Top of the 3rd over - 0 run(s), 1 hit(s), 0 error(s), 1 left on base; Rappahannock 3 - Balboa 0 |
BOTTOM OF THE 3RD |
Balboa Buccaneers batting - Pitching for Rappahannock Partisans : RHP Aubrey Ferguson
|
Batting: SHB Jim Unknown
|
0-0: Swinging Strike 0-1: Called Strike 0-2: Strikes out looking
|
Batting: RHB Jim Unknown
|
0-0: Called Strike 0-1: Ball 1-1: Ball 2-1: Ball 3-1: Called Strike 3-2: Strikes out swinging
|
Batting: RHB Jim Unknown
|
0-0: Ball 1-0: Ball 2-0: Ball 3-0: Base on Balls
|
Batting: RHB Jim Unknown
|
0-0: Ball 1-0: Foul Ball, location: 2F 1-1: Foul Ball, location: 2F 1-2: Strikes out swinging
|
Bottom of the 3rd over - 0 run(s), 0 hit(s), 0 error(s), 1 left on base; Rappahannock 3 - Balboa 0 |
TOP OF THE 4TH |
Rappahannock Partisans batting - Pitching for Balboa Buccaneers : RHP Jim Unknown
|
Batting: RHB Mark Dayment
|
0-0: Swinging Strike 0-1: Foul Ball, location: 2F 0-2: Ball 1-2: Fly out, F3 (Popup, 34)
|
Batting: LHB Marvin von Seydlitz
|
0-0: Fly out, F7 (Flyball, 78M)
|
Batting: RHB Cipriano Oliveira
|
0-0: Ball 1-0: Called Strike 1-1: Ball 2-1: Ball 3-1: Called Strike 3-2: Base on Balls
|
Batting: LHB Miguel Mendoza
|
0-0: Ball 1-0: Ball 2-0: Swinging Strike 2-1: Foul Ball, location: 2F 2-2: Foul Ball, location: 2F 2-2: Foul Ball, location: 2F 2-2: Strikes out swinging
|
Top of the 4th over - 0 run(s), 0 hit(s), 0 error(s), 1 left on base; Rappahannock 3 - Balboa 0 |
BOTTOM OF THE 4TH |
Balboa Buccaneers batting - Pitching for Rappahannock Partisans : RHP Aubrey Ferguson
|
Batting: RHB César Garza
|
0-0: Called Strike 0-1: Ball 1-1: Ball 2-1: Ground out 4-3 (Groundball, 4)
|
Batting: LHB Bellchyor Lebrim
|
0-0: Ball 1-0: Foul Ball, location: 2F 1-1: Foul Ball, location: 2F 1-2: Ground out 3-1 (Groundball, 3)
|
Batting: RHB Jim Unknown
|
0-0: Ball 1-0: SINGLE (Line Drive, 6M)
|
Pitching: RHP Gilberto Ibarra
|
|
Batting: RHB Jim Unknown
|
0-0: Fly out, F3 (Popup, 23F)
|
Bottom of the 4th over - 0 run(s), 1 hit(s), 0 error(s), 1 left on base; Rappahannock 3 - Balboa 0 |
TOP OF THE 5TH |
Rappahannock Partisans batting - Pitching for Balboa Buccaneers : RHP Jim Unknown
|
Batting: RHB Ángel Ruezga
|
0-0: SINGLE (Line Drive, 9S)
|
Batting: RHB Bill Taylor
|
0-0: SINGLE (Groundball, 56) (infield hit) Ángel Ruezga to second
|
Batting: LHB Alfonso López
|
0-0: Foul Ball, location: 2F 0-1: Ball 1-1: Ball 2-1: Bunted foul 2-2: Foul Ball, location: 2F 2-2: Foul Ball, location: 2F 2-2: Ball 3-2: Strikes out swinging
|
Batting: RHB Tom Baker
|
0-0: Fly out, F8 (Flyball, 8LM)
|
Batting: SHB Omar Gutiérrez
|
0-0: Ball 1-0: Foul Ball, location: 2F 1-1: Ball 2-1: Ground out 4-3 (Groundball, 4)
|
Top of the 5th over - 0 run(s), 2 hit(s), 0 error(s), 2 left on base; Rappahannock 3 - Balboa 0 |
BOTTOM OF THE 5TH |
Balboa Buccaneers batting - Pitching for Rappahannock Partisans : RHP Gilberto Ibarra
|
Batting: LHB Jim Unknown
|
0-0: Called Strike 0-1: Swinging Strike 0-2: Ball 1-2: Ball 2-2: Strikes out looking
|
Batting: SHB Jim Unknown
|
0-0: Ball 1-0: Foul Ball, location: 2F 1-1: Ball 2-1: Foul Ball, location: 2F 2-2: Ground out 4-3 (Groundball, 34)
|
Batting: RHB Jim Unknown
|
0-0: Foul Ball, location: 2F 0-1: Called Strike 0-2: Foul Ball, location: 2F 0-2: Ball 1-2: Strikes out looking
|
Bottom of the 5th over - 0 run(s), 0 hit(s), 0 error(s), 0 left on base; Rappahannock 3 - Balboa 0 |
TOP OF THE 6TH |
Rappahannock Partisans batting - Pitching for Balboa Buccaneers : RHP Jim Unknown
|
Batting: RHB Mark Dayment
|
0-0: Ball 1-0: Ball 2-0: Ball 3-0: Base on Balls
|
Batting: LHB Marvin von Seydlitz
|
0-0: Ball 1-0: Ball 2-0: Called Strike 2-1: DOUBLE (Line Drive, 78M) Mark Dayment to third
|
Pitching: RHP Jim Unknown
|
|
Batting: RHB Cipriano Oliveira
|
0-0: Ball 1-0: Called Strike 1-1: Ball 2-1: Fly out, F7 (Flyball, 7S)
|
Batting: LHB Miguel Mendoza
|
0-0: Intentional Walk
|
Batting: RHB Ángel Ruezga
|
0-0: Called Strike 0-1: Swinging Strike 0-2: Strikes out swinging
|
Batting: RHB Bill Taylor
|
0-0: Called Strike 0-1: Ball 1-1: SINGLE (Groundball, 6M) Mark Dayment scores Marvin von Seydlitz to third Miguel Mendoza to second Runner from 3rd tries for Home, SAFE, no throw or cutoff
|
Batting: LHB Alfonso López
|
0-0: Foul Ball, location: 2F 0-1: Foul Ball, location: 2F 0-2: SINGLE (Flyball, 89S) Miguel Mendoza to third Bill Taylor to second
|
Batting: RHB Tom Baker
|
0-0: Fly out, F9 (Flyball, 89D)
|
Top of the 6th over - 2 run(s), 3 hit(s), 0 error(s), 3 left on base; Rappahannock 5 - Balboa 0 |
BOTTOM OF THE 6TH |
Balboa Buccaneers batting - Pitching for Rappahannock Partisans : RHP Gilberto Ibarra
|
Batting: RHB Jim Unknown
|
0-0: Called Strike 0-1: DOUBLE (Flyball, 8RS)
|
Batting: RHB Jim Unknown
|
0-0: Ball 1-0: Ball 2-0: Ball 3-0: Called Strike 3-1: SINGLE (Line Drive, 6MD) Jim Unknown to third
|
Batting: RHB César Garza
|
0-0: Ball Wild Pitch! Jim Unknown scores Jim Unknown to second 1-0: Foul Ball, location: 2F 1-1: Ball 2-1: 2-RUN HOME RUN (Flyball, 7D), Distance : 384 ft
|
Pitching: LHP Wyatt Watson
|
|
Batting: LHB Bellchyor Lebrim
|
0-0: Ball 1-0: Ball 2-0: Ground out 6-3 (Groundball, 6M)
|
Pitching: RHP Brian Bradley
|
|
Batting: RHB Jim Unknown
|
0-0: Ball 1-0: Swinging Strike 1-1: Fly out, F7 (Flyball, 7S)
|
Batting: RHB Jim Unknown
|
0-0: Ball 1-0: Foul Ball, location: 2F 1-1: Swinging Strike 1-2: SINGLE (Flyball, 89S)
|
Batting: LHB Jim Unknown
|
0-0: Ball 1-0: Ball 2-0: Ball 3-0: Base on Balls Jim Unknown to second
|
Batting: SHB Jim Unknown
|
0-0: Ball 1-0: Fly out, F9 (Flyball, 89M)
|
Bottom of the 6th over - 3 run(s), 4 hit(s), 0 error(s), 2 left on base; Rappahannock 5 - Balboa 3 |
TOP OF THE 7TH |
Rappahannock Partisans batting - Pitching for Balboa Buccaneers : RHP Jim Unknown
|
Batting: SHB Omar Gutiérrez
|
0-0: Ball 1-0: Foul Ball, location: 2F 1-1: Called Strike 1-2: Fly out, F4 (Popup, 4)
|
Batting: RHB Mark Dayment
|
0-0: Called Strike 0-1: Foul Ball, location: 2F 0-2: Fly out, F8 (Flyball, 8LD)
|
Batting: LHB Marvin von Seydlitz
|
0-0: Swinging Strike 0-1: Ball 1-1: Foul Ball, location: 2F 1-2: Ground out U3 (Groundball, 3)
|
Top of the 7th over - 0 run(s), 0 hit(s), 0 error(s), 0 left on base; Rappahannock 5 - Balboa 3 |
BOTTOM OF THE 7TH |
Balboa Buccaneers batting - Pitching for Rappahannock Partisans : RHP Brian Bradley
|
Batting: RHB Jim Unknown
|
0-0: Ball 1-0: Called Strike 1-1: Fly out, F7 (Flyball, 7M)
|
Batting: RHB Jim Unknown
|
0-0: Ball 1-0: Fly out, F7 (Flyball, 7D)
|
Batting: RHB Jim Unknown
|
0-0: Ball 1-0: Foul Ball, location: 2F 1-1: Ground out 5-3 (Groundball, 56)
|
Bottom of the 7th over - 0 run(s), 0 hit(s), 0 error(s), 0 left on base; Rappahannock 5 - Balboa 3 |
TOP OF THE 8TH |
Rappahannock Partisans batting - Pitching for Balboa Buccaneers : RHP Jim Unknown
|
Pitching: RHP Jim Unknown
|
|
Batting: RHB Cipriano Oliveira
|
0-0: Foul Ball, location: 2F 0-1: Ball 1-1: Foul Ball, location: 2F 1-2: Strikes out swinging
|
Batting: LHB Miguel Mendoza
|
0-0: Called Strike 0-1: Foul Ball, location: 2F 0-2: Fly out, F6 (Popup, 6D)
|
Batting: RHB Ángel Ruezga
|
0-0: Ball 1-0: Called Strike 1-1: DOUBLE (Flyball, 78M)
|
Batting: RHB Bill Taylor
|
0-0: Ground out U3 (Groundball, 3L)
|
Top of the 8th over - 0 run(s), 1 hit(s), 0 error(s), 1 left on base; Rappahannock 5 - Balboa 3 |
BOTTOM OF THE 8TH |
Balboa Buccaneers batting - Pitching for Rappahannock Partisans : RHP Brian Bradley
|
Pitching: RHP Jon Shankle
|
|
Now at C: Eduardo Manuel
|
|
Batting: RHB César Garza
|
0-0: Called Strike 0-1: Called Strike 0-2: Strikes out swinging
|
Batting: LHB Bellchyor Lebrim
|
0-0: Called Strike 0-1: Called Strike 0-2: Ball 1-2: Strikes out looking
|
Batting: RHB Jim Unknown
|
0-0: Ball 1-0: Called Strike 1-1: Fly out, F9 (Flyball, 9S)
|
Bottom of the 8th over - 0 run(s), 0 hit(s), 0 error(s), 0 left on base; Rappahannock 5 - Balboa 3 |
TOP OF THE 9TH |
Rappahannock Partisans batting - Pitching for Balboa Buccaneers : RHP Jim Unknown
|
Pitching: RHP Jim Unknown
|
|
Batting: LHB Alfonso López
|
0-0: Ball 1-0: Ball 2-0: Swinging Strike 2-1: Ball 3-1: SINGLE (Groundball, 4MD)
|
Batting: RHB Tom Baker
|
0-0: Ball Alfonso López steals 2nd base 1-0: Foul Ball, location: 2F 1-1: Swinging Strike 1-2: Foul Ball, location: 2F 1-2: Strikes out swinging
|
Batting: SHB Omar Gutiérrez
|
0-0: Intentional Walk
|
Batting: RHB Eduardo Manuel
|
0-0: Ball 1-0: TRIPLE (Flyball, 89M) Alfonso López scores Omar Gutiérrez scores
|
Batting: LHB Marvin von Seydlitz
|
0-0: Intentional Walk
|
Pitching: RHP Jim Unknown
|
|
Batting: RHB Cipriano Oliveira
|
0-0: Swinging Strike 0-1: Called Strike 0-2: Ball 1-2: Foul Ball, location: 2F 1-2: Strikes out swinging
|
Batting: LHB Miguel Mendoza
|
0-0: Swinging Strike 0-1: Ball 1-1: Fielders Choice at 2nd, U6 (Groundball, 6MD)
|
Top of the 9th over - 2 run(s), 2 hit(s), 0 error(s), 2 left on base; Rappahannock 7 - Balboa 3 |
BOTTOM OF THE 9TH |
Balboa Buccaneers batting - Pitching for Rappahannock Partisans : RHP Jon Shankle
|
Batting: RHB Jim Unknown
|
0-0: Ball 1-0: Ball 2-0: Called Strike 2-1: Foul Ball, location: 2F 2-2: Strikes out swinging
|
Batting: LHB Jim Unknown
|
0-0: Called Strike 0-1: Ball 1-1: Ball 2-1: Foul Ball, location: 2F 2-2: Ball 3-2: Base on Balls
|
Batting: SHB Jim Unknown
|
0-0: Called Strike 0-1: Ball 1-1: Called Strike 1-2: Foul Ball, location: 2F 1-2: Strikes out looking
|
Batting: RHB Jim Unknown
|
0-0: Foul Ball, location: 2F 0-1: Swinging Strike 0-2: Foul Ball, location: 2F 0-2: Ball 1-2: SINGLE (Groundball, 5L) Jim Unknown to second
|
Pitching: RHP Herman Barnes
|
|
Batting: RHB Jim Unknown
|
0-0: Ball Passed Ball! Jim Unknown to third Jim Unknown to second 1-0: Ball 2-0: Foul Ball, location: 2F 2-1: Ball 3-1: Foul Ball, location: 2F 3-2: DOUBLE (Groundball, 5L) Jim Unknown scores Jim Unknown scores
|
Batting: RHB Jim Unknown
|
0-0: Swinging Strike 0-1: Ball 1-1: Ball 2-1: Ball 3-1: Called Strike 3-2: Foul Ball, location: 2F 3-2: 2-RUN HOME RUN (Line Drive, 7D), Distance : 415 ft
|
Pitching: RHP Lindsay Turner
|
|
Batting: RHB César Garza
|
0-0: Called Strike 0-1: Ball 1-1: Foul Ball, location: 2F 1-2: Foul Ball, location: 2F 1-2: SOLO HOME RUN (Flyball, 8RXD), Distance : 436 ft
|
|